Unix NetHack Version 5.0.0-0 post-release - last build Jul 19 2026 19:10:59 (3aa4ab31751d3886436d94b585a96704892fd477,branch:main).

Game began 2026-07-21 13:08:27, ended 2026-07-23 13:22:17.

Calendula, neutral female human Wizard

   ---------           #-----
   |.......-%#########[#|...
   |.......|           (|.------
   ---|--%--           #|.|%..!|
      # ###            #|.|.0[.|
      # #              #|.@@fu!|
      # #              #|q--------+------ --
      # #              #|.............{....|
      ###     #       ##|.---- -----       |
    ####       #     # #|.|
   -|--|-      #########..|
   |....|     ##       #|.-
   |.....######        #|..
   |...<|              #|.--
   |....|              #|.+
   |....-###############|.|
   ------              #---

Calendula the Thaumaturge  St:9 Dx:12 Co:16 In:18 Wi:13 Ch:8  Neutral
Dlvl:6  $:5  HP:0(48) Pw:69(69) AC:0  Xp:7 T:5893 

Latest messages:
 You hit the lizard.
 You hit the lizard.
 You hit the lizard.
 What do you want to zap? [suJL or ?*] ?
 In what direction? 1
 The lizard turns into a titan!
 You feel shuddering vibrations.
 The titan hits!
 The titan casts a spell at you!
 You suddenly feel weaker!
 What do you want to zap? [suJL or ?*] ?
 In what direction? 1
 The titan turns into a leocrotta!
 You feel shuddering vibrations.
 The leocrotta just misses!
 The leocrotta bites!
 The leocrotta hits!
 Are you sure you want to pray? [yn] (n) y
 You begin praying to Thoth.
 You are surrounded by a shimmering light.
 The leocrotta starts to attack you, but pulls back.
 The leocrotta starts to attack you, but pulls back.
 The leocrotta starts to attack you, but pulls back.
 The leocrotta starts to attack you, but pulls back.
 The leocrotta starts to attack you, but pulls back.
 You finish your prayer.
 You feel that Thoth is well-pleased.
 What do you want to zap? [suJL or ?*] ?
 In what direction? 1
 The sleep ray hits the leocrotta.
 The sleep ray bounces!
 What do you want to zap? [suJL or ?*] ?
 In what direction? .
 You are suddenly moving much faster.
 You hit the leocrotta.
 The leocrotta hits!
 The leocrotta bites!
 The leocrotta misses!
 What do you want to drink? [ghBN or ?*] N
 You feel better.
 The leocrotta hits!
 The leocrotta bites!
 The leocrotta hits!
 You die...
 Upernavik gratefully inherits all your possessions.
 Do you want to see what you had when you died? [ynq] (y) y
 Do you want to see your attributes? [ynq] (y) n
 Do you want an account of creatures vanquished? [ynaq] (y) n
 Do you want to see your conduct and achievements? [ynq] (y) n
 Do you want to see the dungeon overview? [ynq] (y) n

Inventory:
 Coins    ('$')
  $ - 5 gold pieces
 Weapons  (')')
  a - a blessed +0 quarterstaff (weapon in hands)
 Armor    ('[')
  x - an uncursed corroded +0 orcish helm (being worn)
  F - an uncursed +2 pair of gauntlets of dexterity (being worn)
  j - an uncursed +3 pair of iron shoes (being worn)
  E - a blessed +0 leather armor (being worn)
 Comestibles  ('%')
  M - an uncursed clove of garlic
  I - an uncursed cream pie
  q - 2 uncursed food rations
  A - an uncursed lembas wafer
  y - a cursed egg
 Scrolls  ('?')
  p - 3 uncursed scrolls of blank paper
 Spellbooks  ('+')
  U - an uncursed spellbook of blank paper
 Potions  ('!')
  g - 2 uncursed potions of confusion
  B - a cursed potion of levitation
  h - 3 uncursed potions of speed
 Rings    ('=')
  e - an uncursed ring of conflict
  Q - a cursed -1 ring of increase accuracy
  G - an uncursed +1 ring of increase damage
 Wands    ('/')
  J - a cursed wand of polymorph (0:1)
  L - a wand of sleep (0:2)
  s - a wand of speed monster (0:5)
  u - a blessed wand of striking (0:3)
 Tools    ('(')
  K - an uncursed lock pick
  n - a magic marker (0:7)
  b - an uncursed magic whistle
  T - an uncursed oil lamp

Calendula the Wizard's attributes:

Background:
 You were a Thaumaturge, a level 7 female human Wizard.
 You were neutral, on a mission for Thoth
 who was opposed by Ptah (lawful) and Anhur (chaotic).
 You were right-handed.
 You were in the Gnomish Mines, on level 6.
 You entered the dungeon 5893 turns ago.
 You had 835 experience points, 445 more were needed to attain level 8.

Basics:
 You had 0 out of 48 hit points.
 You had all 69 energy points (spell power).
 Your armor class was 0.
 Your wallet contained 5 zorkmids.
 Autopickup was off.

Final Characteristics:
 Your strength was 9 (peak:15, limit:18/100).
 Your dexterity was 12 (base:10, limit:18).
 Your constitution was 16 (limit:18).
 Your intelligence was 18 (limit:18).
 Your wisdom was 13 (limit:18).
 Your charisma was 8 (limit:18).

Final Status:
 You were chained to a heavy iron ball.
 You weren't hungry.
 You were unencumbered.
 You were wielding a quarterstaff.
 You had basic skill with quarterstaff and could have enhanced that.

Final Attributes:
 You were piously aligned.
 You saw invisible.
 You were telepathic.
 You were warded.
 You were very fast.
 You are dead.

Miscellaneous:
 You didn't encounter any bones levels.
 Total elapsed playing time was 3 hours, 13 minutes and 10 seconds.

Major events:
 Turn
    1: Calendula the neutral female human Wizard entered the dungeon
  898: attained the rank of Conjurer (level 3)
 3032: attained the rank of Thaumaturge (level 6)
 3513: entered the Gnomish Mines
 5416: reached Mine Town
 5893: killed by a leocrotta

Spells:
 Name                 Level Category     Fail Retention
 force bolt             1   attack         0%   71%-80%
 identify               3   divination    84%   51%-75%
 healing                1   healing        0%  76%-100%
 cure sickness          3   healing       84%  76%-100%

Skills:
 Fighting Skills
   bare handed combat [Unskilled]
   riding             [Unskilled]
 Weapon Skills
   dagger             [Unskilled]
   knife              [Unskilled]
   axe                [Unskilled]
   short sword        [Unskilled]
   club               [Unskilled]
   mace               [Unskilled]
   quarterstaff       [Basic]
   polearms           [Unskilled]
   spear              [Unskilled]
   trident            [Unskilled]
   sling              [Unskilled]
   dart               [Unskilled]
   shuriken           [Unskilled]
 Spellcasting Skills
   attack spells      [Basic]
   healing spells     [Unskilled]
   divination spells  [Unskilled]
   enchantment spells [Basic]
   clerical spells    [Unskilled]
   escape spells      [Unskilled]
   matter spells      [Unskilled]

Voluntary challenges:
 Character rerolling was not enabled.
 You never genocided any monsters.
 You never changed form.
 You used no wishes.
Achievements:
 You entered a shop.
 You attained the rank of Conjurer.
 You attained the rank of Thaumaturge.
 You entered the Gnomish Mines.
 You entered Minetown.

 The Dungeons of Doom: levels 1 to 5
    Level 1:
       An altar, a fountain.
    Level 2:
       A food shop, a fountain.
    Level 3:
       A weapon shop.
       Stairs down to The Gnomish Mines.
    Level 4:
    Level 5:
       Some altars.
 The Gnomish Mines: levels 4 to 6
    Level 4:
    Level 5:
    Level 6: <- You were here.
       A general store, a fountain.
       Final resting place for
          you, killed by a leocrotta.


Vanquished creatures:
  a small mimic
  2 leprechauns
  a dwarf leader
  a blue jelly
  a bugbear
 an orc shaman
  2 rock piercers
  a rock mole
  a shrieker
  a violet fungus
  a gnome leader
  2 gnomish wizards
  a straw golem
  a paper golem
  a floating eye
  9 dwarves
  a kobold leader
 12 hill orcs
  a dwarf zombie
  a wererat
  a werejackal
  4 iguanas
 an acid blob
  2 coyotes
  2 hobbits
  2 large kobolds
  2 hobgoblins
  6 cave spiders
  2 yellow molds
  2 green molds
  2 red molds
 25 gnomes
  9 garter snakes
  2 gnome zombies
  3 geckos
  a jackal
  a fox
  a kobold
  4 goblins
  5 grid bugs
  6 lichens
  a kobold zombie
 11 newts
137 creatures vanquished.

No species were genocided or became extinct.

Game over:
                       ----------
                      /          \
                     /    REST    \
                    /      IN      \
                   /     PEACE      \
                  /                  \
                  |    Calendula     |
                  |       5 Au       |
                  |   killed by a    |
                  |    leocrotta     |
                  |                  |
                  |                  |
                  |       2026       |
                 *|     *  *  *      | *
        _________)/\\_//(\/(/\)/\//\/|_)_______

Goodbye Calendula the Wizard...

You died in The Gnomish Mines on dungeon level 6 with 3695 points,
and 5 pieces of gold, after 5893 moves.
You were level 7 with a maximum of 48 hit points when you died.

